 Dungeon Crawl Stone Soup version 0.25-a0-290-g4a1327ee3a (webtiles) character file.

Game seed: 15482482164608811057, levelgen mode: deterministic

777 MoonlitKnight the Ruffian (level 7, -5/105 HPs)
             Began as a Troll Berserker on Dec 14, 2019.
             Was a Priest of Trog.
             Slain by an orc warrior
             ... wielding a +0 glaive
              (30 damage)
             ... on level 6 of the Dungeon.
             The game lasted 00:07:44 (3929 turns).

MoonlitKnight the Ruffian (Troll Berserker)         Turns: 3929, Time: 00:07:44

Health: -5/105     AC:  6    Str: 32    XL:     7   Next: 54%
Magic:  6/6        EV: 11    Int:  3    God:    Trog [***...]
Gold:   126        SH:  0    Dex: 10    Spells: 6/6 levels left

rFire    . . .     SeeInvis .   y - +0 giant spiked club
rCold    . . .     Gourm    +   (shield currently unavailable)
rNeg     . . .     Faith    .   a - +0 animal skin
rPois    .         Spirit   .   (helmet restricted)
rElec    .         Reflect  .   (no cloak)
rCorr    .         Harm     .   (gloves unavailable)
MR       .....     Rnd*Tele +   (boots unavailable)
Stlth    ..........             (no amulet)
HPRegen  0.67/turn              z - ring of teleportation (curse)
MPRegen  0.10/turn              s - ring of stealth

@: berserking, very quick
A: large, unfitting armour, claws 3, fast metabolism 3, gourmand, regeneration
1, shaggy fur 1, tough skin 3
a: Berserk, Trog's Hand, Renounce Religion


You were on level 6 of the Dungeon.
You worshipped Trog.
Trog was most pleased with you.
You were very full.

You visited 1 branch of the dungeon, and saw 6 of its levels.

You collected 126 gold pieces.

Inventory:

Hand Weapons
 p - a +0 hunting sling
 y - a +0 giant spiked club (weapon)
Missiles
 d - 57 poisoned darts (quivered)
 h - 56 sling bullets
 m - 2 throwing nets
Armour
 a - a +0 animal skin (worn)
Jewellery
 r - an uncursed ring of protection from fire
 s - a ring of stealth (right claw)
 u - an uncursed ring of ice
 z - a cursed ring of teleportation (left claw)
Wands
 A - a wand of disintegration (8)
Scrolls
 c - 4 scrolls of remove curse
 e - 3 scrolls of immolation
 g - 2 scrolls of identify
 l - a scroll of amnesia {unknown}
 n - 2 scrolls of blinking
 q - a scroll of magic mapping {unknown}
 v - a scroll of teleportation {unknown}
 w - a scroll of fear {unknown}
 C - a scroll of random uselessness {unknown}
Potions
 f - 2 potions of agility
 i - 2 potions of cancellation
 j - 2 potions of heal wounds
 k - a potion of resistance {unknown}
 o - 2 potions of curing
 t - 3 potions of flight
 x - a potion of lignification {unknown}
Comestibles
 b - 8 rations
 B - a chunk of flesh


   Skills:
 + Level 4.2 Fighting
 + Level 4.2 Dodging
 * Level 6.7 Unarmed Combat


You had 6 spell levels left.
You didn't know any spells.
Your spell library was empty.

Dungeon Overview and Level Annotations

Branches:
Dungeon (6/15)             Temple (0/1) D:5

Altars:


Innate Abilities, Weirdness & Mutations

You are too large for most types of armour.
You have claws for hands.
Your metabolism is lightning-fast.
You like to eat raw meat.
Your natural rate of healing is unusually fast.
You are covered in fur. (AC +1)
You have extremely tough skin. (AC +3)


Message History

The orc hits you but does no damage. The orc warrior closely misses you.
The orc hits you with a +0 club.
* * * LOW HITPOINT WARNING * * *
The orc misses you.
The orc hits you with a cursed -3 short sword.
* * * LOW HITPOINT WARNING * * *
The orc warrior barely misses you. The orc barely misses you.
A red film seems to cover your vision as you go berserk!
You feel yourself moving faster!
You feel mighty! The orc hits you with a +0 trident!
* * * LOW HITPOINT WARNING * * *
The orc hits you but does no damage.
You flatten the orc like a pancake!!!
You kill the orc!
Trog accepts your kill. The orc barely misses you.
The orc warrior barely misses you. The orc misses you.
The orc barely misses you.
You closely miss the orc.
The orc warrior hits you from afar with a +0 glaive!!
You die...

#. .# # .# .#
###... .# <..
.#.# #.....#
#.#o.# #Zo)o#
#.#@# #.#.#######
###..........
#............
#####.....#######
..........#
####.....#
#.....# #.##.##


You could see an orc warrior, 2 orcs and a worker ant zombie.

Vanquished Creatures
  A phantom (D:5)
  2 ogres (D:5)
  A scorpion (D:4)
  2 orc wizards
  2 orc priests
  A centaur skeleton (D:4)
  An iguana (D:5)
  2 worker ants
  4 gnolls (D:2)
  9 adders
  A shadow imp (D:5)
  2 oozes
  An adder skeleton (D:4)
  2 worms
  A dart slug (D:2)
  A leopard gecko (D:1)
  15 orcs
  4 giant cockroaches
  12 goblins
  5 hobgoblins
  4 jackals (D:1)
  3 quokkas
  3 ball pythons
  10 bats
  10 frilled lizards
  A jackal zombie (D:5)
  8 kobolds
  A leopard gecko skeleton (D:5)
  2 quokka skeletons
  11 rats
122 creatures vanquished.

Notes
Turn   | Place    | Note
-------+----------+-------------------------------------------
     0 | D:1      | MoonlitKnight the Troll Berserker began the quest for the
                  | Orb.
     0 | D:1      | Reached XP level 1. HP: 22/22 MP: 0/0
   197 | D:1      | Reached XP level 2. HP: 29/29 MP: 1/1
   605 | D:1      | Reached ** piety under Trog
   958 | D:1      | Reached XP level 3. HP: 36/36 MP: 2/2
  1101 | D:2      | Reached skill level 4 in Unarmed Combat
  1115 | D:2      | Reached XP level 4. HP: 15/44 MP: 3/3
  1464 | D:2      | Reached XP level 5. HP: 41/53 MP: 4/4
  1840 | D:3      | Reached *** piety under Trog
  1908 | D:3      | Reached skill level 5 in Unarmed Combat
  2483 | D:4      | Reached XP level 6. HP: 60/61 MP: 5/5
  2857 | D:5      | Entered Level 5 of the Dungeon
  2963 | D:5      | Found a staircase to the Ecumenical Temple.
  2979 | D:5      | Reached skill level 6 in Unarmed Combat
  3024 | D:5      | Reached XP level 7. HP: 62/70 MP: 6/6
  3929 | D:6      | Slain by an orc warrior

Levels and vault maps discovered:
D:1:      ebering_trefoil_twist, layout_loops_corners, st_stairs_5,
          minmay_misc_feat_ornament, minmay_misc_feat_more_columns
D:2:      layout_loops_ring
D:3:      layout_basic
D:4:      layout_rooms, first_ration, minmay_misc_feat_pillars
D:5:      layout_basic, minmay_temple_entry_slanted, grunt_tough_drop
D:6:      layout_loops_ring, gammafunk_ghost_grave

Skill      XL: |  1  2  3  4  5  6 |
---------------+-------------------+-----
Unarmed Combat | 4 5 6 |  6.7
Fighting       | 3 4 |  4.2
Dodging        | 3 4 |  4.2

Action                   |  1- 3 |  4- 6 |  7- 9 || total
-------------------------+-------+-------+-------++-------
Melee: Unarmed           |    73 |   167 |       ||   240
       Punch             |       |     2 |       ||     2
       Giant spiked club |       |     6 |    80 ||    86
Invok: Berserk           |       |     1 |     1 ||     2
  Use: Scroll            |       |     8 |       ||     8
 Stab: Sleeping          |     1 |     3 |     2 ||     6
  Eat: Chunk             |    15 |    19 |     9 ||    43
Armor: Animal skin       |    33 |    40 |    28 ||   101
Dodge: Dodged            |    36 |    96 |    97 ||   229

Table legend:
 A = Non-vault XP
 B = Vault XP
 C = Vault XP percentage of total XP
 D = Non-vault monster count
 E = Vault monster count
 F = Vault count percentage of total count
                 A         B        C        D         E       F
            +---------+---------+-------+---------+---------+-------
      Total |     986 |     125 |  11.3 |     119 |       3 |   2.5
            +---------+---------+-------+---------+---------+-------
        D:1 |      43 |       4 |   8.5 |      28 |       2 |   6.7
        D:2 |     232 |       0 |   0.0 |      35 |       0 |   0.0
        D:3 |      81 |       0 |   0.0 |      19 |       0 |   0.0
        D:4 |     221 |       0 |   0.0 |      17 |       0 |   0.0
        D:5 |     405 |     121 |  23.0 |      18 |       1 |   5.3
        D:6 |       4 |       0 |   0.0 |       2 |       0 |   0.0
            +---------+---------+-------+---------+---------+-------
